 Dungeon Crawl Stone Soup version 0.21-a0-200-gb89f83b (webtiles) character file.

1435 namelastname112 the Conjurer (level 8, -5/67 HPs)
             Began as a Red Draconian Conjurer on Aug 16, 2017.
             Was an Initiate of Vehumet.
             Slain by a gnoll
             ... wielding a +0 halberd
              (11 damage)
             ... on level 6 of the Dungeon.
             The game lasted 00:11:13 (5993 turns).

namelastname112 the Conjurer (DrCj)                 Turns: 5993, Time: 00:11:13

Health: -5/67      AC:  7    Str: 11    XL:     8   Next: 45%
Magic:  20/24      EV: 15    Int: 17    God:    Vehumet [......]
Gold:   209        SH:  0    Dex: 15    Spells: 9/16 levels left

rFire    + . .     SeeInvis +   B - +7 whip of the Crawling Thing {pain, +Rage Dex+3}
rCold    . . .     Gourm    .   (no shield)
rNeg     . . .     Faith    +   (armour unavailable)
rPois    .         Spirit   .   (helmet restricted)
rElec    .         Reflect  .   y - +0 cloak
rCorr    .         Harm     .   (no gloves)
MR       .....                  (no boots)
Stlth    ++........             o - amulet of faith (curse)
HPRegen  0.21/turn              i - ring of see invisible
MPRegen  0.19/turn              e - ring of magical power

@: short of breath
A: breathe fire, unfitting armour, fire resistance 1, cold-blooded, AC +6
a: Breathe Fire, Renounce Religion, Evoke Berserk Rage


You were on level 6 of the Dungeon.
You worshipped Vehumet.
Vehumet was noncommittal.
You were hungry.

You visited 2 branches of the dungeon, and saw 7 of its levels.
You also visited: Sewer.

You collected 209 gold pieces.

Inventory:

Hand Weapons
 x - a +2 quarterstaff of chaos
 B - the +7 whip of the Crawling Thing (weapon) {pain, +Rage Dex+3}
   (You found it on level 5 of the Dungeon)

   In the hands of one skilled in necromantic magic, it inflicts extra damage on
   living creatures.
   It affects your dexterity (+3).
   It lets you go berserk.
Armour
 y - a +0 cloak (worn)
Jewellery
 e - a ring of magical power (right hand)
 i - a ring of see invisible (left hand)
 j - an uncursed ring of resist corrosion
 o - a cursed amulet of faith (around neck)
Wands
 A - a wand of lightning (11/15)
Scrolls
 c - a scroll of blinking
 k - a scroll of amnesia {unknown}
 l - a scroll of fear {unknown}
 p - a scroll of remove curse {unknown}
 q - 2 scrolls of teleportation
 r - 4 scrolls of identify
 t - 2 scrolls of magic mapping {unknown}
Potions
 g - 2 potions of haste
 h - 3 potions of cancellation
 m - 2 potions of heal wounds {unknown}
 n - a potion of degeneration {unknown}
 s - 2 potions of curing {unknown}
 u - a potion of agility {unknown}
 v - a potion of might {unknown}
 w - a potion of brilliance {unknown}
Books
 a - a book of Conjurations

   Spells                             Type                      Level
   a - Magic Dart                     Conjuration                  1
   b - Searing Ray                    Conjuration                  2
   c - Dazzling Spray                 Conjuration/Hexes            3
   d - Fulminant Prism                Conjuration/Hexes            4
   e - Force Lance                    Conjuration/Translocation    4
   f - Iskenderun's Mystic Blast      Conjuration                  4
Comestibles
 b - 3 bread rations
 d - 11 fruits
 f - 5 meat rations


   Skills:
 + Level 4.6 Fighting
 + Level 4.6 Dodging
 - Level 1.7 Stealth
 + Level 4.7 Spellcasting
 * Level 7.8 Conjurations


You had 9 spell levels left.
You knew the following spells:

 Your Spells              Type           Power        Failure   Level  Hunger
c - Iskenderun's Mystic   Conj           ####....     6%          4    ####...
x - Searing Ray           Conj           ####..       1%          2    #......
z - Magic Dart            Conj           ####         1%          1    None


Dungeon Overview and Level Annotations

Branches:
Dungeon (6/15)             Temple (1/1) D:5

Altars:
Ashenzari
Dithmenos
Elyvilon
Fedhas
Gozag
Hepliaklqana
Makhleb
Nemelex Xobeh
Ru
Sif Muna
Uskayaw
Vehumet
Xom
Yredelemnul
Zin

Annotations:
D:2 Sigmund


Innate Abilities, Weirdness & Mutations

You can breathe blasts of fire.
Your fiery red scales are hard. (AC +6)
You cannot fit into any form of body armour.
Your flesh is heat resistant. (rF+)
You are cold-blooded and may be slowed by cold attacks.


Message History

* * * LOW HITPOINT WARNING * * *
The gnoll hits you from afar with a halberd.
* * * LOW HITPOINT WARNING * * *
The orc wizard hits you but does no damage.
The orc closely misses you.
You take 6 damage, and have 14/67 hp.
Press: ? - help, Shift-Dir - straight line, f/p - centaur
Aim: a centaur You breathe a blast of fire.
The fiery breath hits the orc.
You kill the orc!
Vehumet accepts your kill.
The fiery breath hits the centaur.
The centaur is moderately wounded.
You are feeling hungry.
The centaur is engulfed in blazing flames.
The centaur wields a shortbow.
The centaur shoots an arrow.
The arrow hits you!
* * * LOW HITPOINT WARNING * * *
The orc wizard hits you but does no damage.
The gnoll hits you from afar with a halberd!
You die...

..# #.#
#.#
###.###
## .....
.g ... .#
#o# .#
#@# .#
#†#####.#
#cg..cg.#
#######.#
.# c# .#
.# .#


You could see a centaur, an orc wizard and a gnoll.

Vanquished Creatures
  A phantom (D:4)
  2 ice beasts (D:5)
  Purgy (Sewer)
  An ogre (D:4)
  2 centaurs (D:5)
  A scorpion (D:4)
  A jelly (D:5)
  A hound (D:5)
  3 orc priests
  A bullfrog skeleton (D:5)
  2 centaur skeletons (D:5)
  Crazy Yiuf (D:2)
  Natasha (thrice) (D:2)
  An iguana (D:5)
  3 orc wizards
  4 worker ants (D:4)
  Robin (D:2)
  A howler monkey skeleton (D:5)
  A gnoll (D:1)
  7 adders
  2 river rats (D:3)
  An adder skeleton (D:4)
  A worm (D:3)
  3 dart slugs (D:1)
  2 leopard geckos
  19 orcs
  A ball python (D:5)
  11 bats
  7 giant cockroaches
  16 goblins
  11 hobgoblins
  2 jackals (D:3)
  8 kobolds
  3 quokkas
  4 frilled lizards
  8 rats
137 creatures vanquished.

Notes
Turn   | Place    | Note
-------+----------+-------------------------------------------
     0 | D:1      | namelastname112 the Draconian Conjurer began the quest for the Orb.
     0 | D:1      | Reached XP level 1. HP: 14/14 MP: 3/3
    98 | D:1      | Reached XP level 2. HP: 22/22 MP: 0/5
   235 | D:1      | Learned a level 2 spell: Searing Ray
   700 | D:1      | Reached skill level 1 in Fighting
   700 | D:1      | Reached XP level 3. HP: 23/28 MP: 2/6
  1101 | D:2      | Noticed Robin
  1319 | D:1      | Reached XP level 4. HP: 33/35 MP: 4/8
  1540 | D:2      | Killed Robin
  1792 | D:2      | Noticed Sigmund
  1988 | D:3      | Reached skill level 5 in Conjurations
  1988 | D:3      | Reached XP level 5. HP: 20/41 MP: 2/9
  2211 | D:3      | Found a glowing drain.
  2221 | Sewer    | Entered a sewer
  2478 | Sewer    | Noticed Purgy
  2484 | Sewer    | Killed Purgy
  2759 | D:3      | Reached XP level 6. HP: 47/49 MP: 10/10
  2868 | D:3      | Found an opulent altar of Gozag.
  3156 | D:2      | Noticed Natasha
  3161 | D:2      | Killed Natasha
  3337 | D:2      | Noticed Natasha
  3343 | D:2      | Killed Natasha
  3344 | D:2      | Noticed Natasha
  3348 | D:2      | Killed Natasha
  3445 | D:2      | Found a runed door.
  3572 | D:2      | Noticed Crazy Yiuf
  3581 | D:2      | Killed Crazy Yiuf
  4042 | D:3      | Reached skill level 6 in Conjurations
  4113 | D:4      | Your scales start taking on a fiery red colour.
  4113 | D:4      | Reached XP level 7. HP: 46/57 MP: 12/12
  4113 | D:4      | Gained mutation: Your flesh is heat resistant. (rF+) [Red Draconian growth]
  4697 | D:4      | Learned a level 4 spell: Iskenderun's Mystic Blast
  5149 | D:5      | Entered Level 5 of the Dungeon
  5220 | D:5      | Reached skill level 7 in Conjurations
  5294 | D:5      | Got a bloodstained whip
  5295 | D:5      | Identified the +7 whip of the Crawling Thing {pain, +Rage Dex+3} (You found it on level 5 of the Dungeon)
  5308 | D:5      | Found a staircase to the Ecumenical Temple.
  5312 | D:5      | Reached XP level 8. HP: 24/66 MP: 14/14
  5348 | Temple   | Entered the Ecumenical Temple
  5433 | Temple   | Became a worshipper of Vehumet
  5603 | D:5      | Found a deep blue altar of Sif Muna.
  5993 | D:6      | Slain by a gnoll

Vault maps used:
D:1:      nzn_arrival_settlement, serial_bayou, serial_bayou_ford_a,
          serial_bayou_shore_a, serial_bayou_pond_a, serial_bayou_pond_d
D:2:      first_bread, uniq_sigmund, uniq_crazy_yiuf_cottage, uniq_robin,
          uniq_natasha
D:3:      gup_sewer_entry_bubbles, grunt_gozag_statues
D:4:      minmay_misc_feat_secret_circle, abandoned_shop
D:5:      lemuel_crystal_altar, temple_hall
D:6:      uniq_prince_ribbit1
Temple:   regret_index_temple_sphere_string
Sewer:    kennysheep_door_sewer

Skill      XL: |  1  2  3  4  5  6  7 |
---------------+----------------------+-----
Fighting       | 1 2 3 4 |  4.6
Dodging        | 2 3 4 |  4.6
Conjurations   | 5 6 7 |  7.8
Spellcasting   | 3 4 |  4.7
Stealth        | |  1.7

Action                   |  1- 3 |  4- 6 |  7- 9 || total
-------------------------+-------+-------+-------++-------
Melee: Unarmed           |    12 |       |       ||    12
       Tailslap          |     3 |     7 |     5 ||    15
       Spear             |    15 |    48 |       ||    63
       Quarterstaff      |       |     5 |    17 ||    22
       Whip              |       |       |    15 ||    15
 Cast: Magic Dart        |    61 |   135 |   104 ||   300
       Searing Ray       |     2 |    10 |     8 ||    20
       Iskenderun's Myst |       |       |     3 ||     3
 Abil: Breathe Fire      |       |       |     3 ||     3
  Use: Scroll            |       |     6 |       ||     6
 Stab: Sleeping          |     1 |     4 |       ||     5
  Eat: Chunk             |     2 |     5 |     6 ||    13
       Royal jelly       |       |     1 |       ||     1
       Fruit             |       |     3 |     1 ||     4
Armor: Skin              |    20 |    31 |    39 ||    90
Dodge: Dodged            |    42 |    92 |    68 ||   202
